 Dungeon Crawl Stone Soup version 0.27.1-1-g398f81649c (webtiles) character file.

Game seed: 16681499350845459087

16 speeev33 the Skirmisher (level 2, -1/27 HPs)
             Began as a Hill Orc Fighter on Sept 12, 2021.
             Slain by an adder (2 damage)
             ... on level 2 of the Dungeon.
             The game lasted 00:00:53 (759 turns).

speeev33 the Skirmisher (Hill Orc Fighter)           Turns: 759, Time: 00:00:54

Health: -1/27      AC:  9    Str: 18    XL:     2   Next: 58%
Magic:  2/2        EV:  5    Int:  8    God:
Gold:   67         SH:  9    Dex: 10    Spells: 1/1 levels left

rFire    . . .     SeeInvis .   a - +0 war axe
rCold    . . .     Faith    .   c - +0 kite shield
rNeg     . . .     Spirit   .   e - +0 chain mail
rPois    .         Reflect  .   (no helmet)
rElec    .         Harm     .   (no cloak)
rCorr    .         Rampage  .   (no gloves)
Will     .....                  (no boots)
Stlth    ..........             (no amulet)
HPRegen  0.09/turn              (no ring)
MPRegen  0.08/turn              (no ring)

@: no status effects
A: no striking features
a: no special abilities


You were on level 2 of the Dungeon.
You visited 1 branch of the dungeon, and saw 2 of its levels.

You collected 67 gold pieces.

Inventory:

Hand Weapons
 a - a +0 war axe (weapon)
Armour
 c - a +0 kite shield (worn)
 e - a +0 chain mail (worn)
Scrolls
 f - 2 scrolls of identify {unknown}
 h - a scroll of teleportation {unknown}
Potions
 b - a potion of mutation {unknown}
 d - a potion of might
 g - a potion of curing {unknown}


   Skills:
 + Level 3.9 Fighting
 + Level 3.1 Axes
 + Level 3.5 Armour
 + Level 3.5 Shields


You had one spell level left.
You didn't know any spells.
Your spell library was empty.

Dungeon Overview and Level Annotations

Branches:
Dungeon (2/15)

Altars:


Message History

There is a stone staircase leading down here.
You climb downwards.
The adder hisses angrily.
Found 25 stones.
Found an escape hatch in the floor.
There is a stone staircase leading up here.
You barely miss the worm. You hit the rat.
You kill the rat!
The worm bites you but does no damage.
You barely miss the worm. The worm bites you but does no damage.
Your shield and chain mail prevent you from hitting the worm.
The worm bites you!
Your shield and chain mail prevent you from hitting the worm.
Your shield prevents you from hitting the adder.
The adder bites you. The adder bites you but does no damage.
The worm bites you but does no damage. The adder bites you.
You are poisoned.
The adder poisons you!
You slash the worm!
The worm is heavily wounded.
Your chain mail prevents you from hitting the adder.
You feel sick. The adder bites you but does no damage. The worm bites you!
* * * LOW HITPOINT WARNING * * *
The adder bites you but does no damage.
You hit the worm.
The worm is severely wounded.
You barely miss the adder.
* * * LOW HITPOINT WARNING * * *
You feel sick. You block the adder's attack.
The worm bites you but does no damage. The adder bites you but does no damage.
You barely miss the worm.
The worm is heavily wounded.
You slash the adder!
* * * LOW HITPOINT WARNING * * *
You feel sick.
You are no longer poisoned.
You block the adder's attack. x2; The worm bites you but does no damage.
You barely miss the worm.
The worm is heavily wounded.
You barely miss the adder. The adder bites you.
You die...

.. .# .##
#######..
#.......#
#.......#
#.......#
#.>..S<.#
#....@..#
#...w(..#
#.......#
####...##
###.# #.#
... .#


You could see a worm and an adder.

Vanquished Creatures
  2 bats (D:1)
  2 endoplasms (D:1)
  A giant cockroach (D:1)
  A goblin (D:1)
  3 hobgoblins (D:1)
  A quokka (D:1)
  A ball python (D:1)
  A frilled lizard (D:1)
  A kobold (D:1)
  A rat (D:2)
14 creatures vanquished.

Notes
Turn   | Place    | Note
-------+----------+-------------------------------------------
     0 | D:1      | speeev33 the Hill Orc Fighter began the quest for the Orb.
     0 | D:1      | Reached XP level 1. HP: 19/19 MP: 1/1
   151 | D:1      | Reached XP level 2. HP: 27/27 MP: 2/2
   209 | D:1      | Found a faded altar of an unknown god.
   758 | D:2      | HP: 1/27 [poisoned by an adder]
   759 | D:2      | Slain by an adder

Illustrated notes

Levels and vault maps discovered:
D:1:      ncdulo_watergridlock, layout_basic,
          shapermc_ecumenical_altar_starsandcircs, minmay_crystal_water,
          minmay_misc_feat_pillars, minmay_stone_trees_medium
D:2:      layout_loops_cross, uniq_jessica, uniq_natasha,
          uniq_crazy_yiuf_cottage

Skill      XL: |  1  2 |
---------------+-------+-----
Axes           | 3 |  3.1
Fighting       | |  3.9
Armour         | |  3.5
Shields        | |  3.5

Action                   || total
-------------------------++-------
Melee: War axe           ||    52
Armor: Chain mail        ||    35
       Scale mail        ||     3
Dodge: Dodged            ||     9
Block: Kite shield       ||    24
